Unix NetHack Version 3.7.0-88 Work-in-progress - last build Jul 31 2023 01:03:25 (d6d9bbdcf1071267680b4f7fcec8db41e46f69fb,branch:master). Game began 2023-07-31 18:56:54, ended 2023-07-31 20:43:22. spontiff, neutral male gnomish Healer #--------------------------------# ----- #|.................S.S.........)|# |.[.| #|.------|---------S@..-----|--.|# |...| #|.-...|..|....|..|---.|..$|..|.|# |...| #|.|...|.{|....|..|....|...|..|.|# |...| #|.|---------|-|..|).|.|..(|..|.|# -[--- )..|..(.|......-|-----.--|----|.|# ---------- # #|.|....-.-|--......(......|(.|.|# |>..).)..| # *##|.|._..|.|..|.....{..-|--.-..|..############-........| # # #|.|....|.|..|....--|-|..|.----.| # |........| ### # #|.|-----%|..|....|...|..|......| ###########|........| ----.------ # #|.|...-..|------||...|-----|--.| #.........| |...<.....| # #|.|.).|.....|....|...|..|....|.| ---------- |.........-######|.|...|[.|..|....|...|..|....|.| |.........| ## |.-----..--------------|------.| |..........### |..............................| ----------- -------------------------------- Spontiff the Rhizotomist St:12 Dx:11 Co:15 In:10 Wi:14 Ch:16 Neutral S:400 Dlvl:8 $:231 HP:0(25) Pw:3(3) AC:2 Xp:1/0 T:6164 Burdened Latest messages: Your large dog shifts location. The garter snake misses! You swap places with your large dog. The garter snake misses! The large dog bites the garter snake. The garter snake is killed! There is a broken door here. You see here a garter snake corpse. The large dog eats a garter snake corpse. What do you want to use or apply? [jmoswxzFJOSX or ?*] o You produce a strange whistling sound. Your large dog shifts location. The large dog bites the large kobold. The large kobold is killed! What do you want to drop? [$acdf-su-zACE-GI-KMOQ-Y or ?*] $ You drop 231 gold pieces. What do you want to dip? [acdf-su-zACE-GI-KMOQ-Y or ?*] Y Dip an uncursed potion of invisibility into the fountain? [yn] (n) y Your potion of invisibility dilutes. What do you want to dip? [acdf-su-zACE-GI-KMOQ-Y or ?*] Y Dip an uncursed diluted potion of invisibility into the fountain? [yn] (n) y Your diluted potion of invisibility dilutes further. You have a little trouble lifting $ - 231 gold pieces. What do you want to adjust? [acdf-su-zACE-GI-KMOQ-Y or ?*] Y Adjust letter to what [betBDHLNPYZ] (? see used letters)? Y Collecting Y - an uncursed potion called water. What do you want to drop? [$acdf-su-zACE-GI-KMOQ-Y or ?*] Y You drop an uncursed potion called water. You have a little trouble lifting G - an uncursed potion called water (2 in total). What do you want to drop? [$acdf-su-zACE-GI-KMOQ-X or ?*] $ You drop 231 gold pieces. What do you want to dip? [acdf-su-zACE-GI-KMOQ-X or ?*] U Dip a cursed moonstone ring into the fountain? [yn] (n) y Nothing seems to happen. What do you want to dip? [acdf-su-zACE-GI-KMOQ-X or ?*] U Dip a cursed moonstone ring into the fountain? [yn] (n) y An endless stream of snakes pours forth! The flow reduces to a trickle. You have a little trouble lifting $ - 231 gold pieces. The water moccasin bites! The water moccasin just misses! The water moccasin bites! The water moccasin just misses! The water moccasin bites! The water moccasin bites! The water moccasin bites! The water moccasin bites! You die... Do you want your possessions identified? [ynq] (y) y Do you want to see the dungeon overview? [ynq] (y) q Inventory: Coins $ - 231 gold pieces Weapons W - an uncursed +0 arrow k - an uncursed rustproof +0 orcish dagger (alternate weapon; not wielded) A - an uncursed +0 silver saber Armor f - an uncursed +0 dented pot h - an uncursed +0 dwarvish iron helm (being worn) g - an uncursed +1 pair of leather gloves (being worn) i - an uncursed +0 pair of leather gloves V - an uncursed +0 pair of kicking boots l - an uncursed +0 pair of low boots v - an uncursed +0 pair of low boots (being worn) r - a blessed +1 small shield (being worn) K - a blessed +1 small shield q - an uncursed +1 dwarvish cloak (being worn) Q - an uncursed +0 dwarvish cloak u - an uncursed +0 oilskin cloak Comestibles y - an uncursed apple n - 2 uncursed food rations Scrolls T - an uncursed scroll of teleportation Potions I - an uncursed potion of blindness p - an uncursed potion of enlightenment C - 3 uncursed potions of extra healing d - an uncursed potion of hallucination a - an uncursed potion of levitation M - 2 uncursed potions of sleeping named SMOKY G - 2 uncursed potions of water Rings U - a cursed +1 ring of gain strength R - an uncursed ring of teleportation Wands O - an uncursed wand of digging (0:5) w - an uncursed wand of fire (0:7) S - an uncursed wand of sleep (0:1) Tools m - an uncursed leather drum F - an uncursed can of grease (0:12) J - an uncursed crystal ball (0:4) z - an uncursed leash x - an uncursed magic lamp (lit) o - an uncursed magic whistle X - an uncursed oil lamp s - an uncursed stethoscope Gems/Stones c - 2 uncursed diamonds E - an uncursed jet stone j - an uncursed touchstone Spontiff the Healer's attributes: Background: You were a Rhizotomist, a level 1 male gnomish Healer. You were neutral, on a mission for Hermes who was opposed by Athena (lawful) and Poseidon (chaotic). You were in the Gnomish Mines, on level 8. You entered the dungeon 6164 turns ago. You had 0 experience points, 20 were needed to attain level 2. Your score was 400 before end-of-game adjustments. Basics: You had 0 out of 25 hit points. You had all 3 energy points (spell power). Your armor class was 2. Your wallet contained 231 zorkmids. Autopickup was on for '$!/="?' plus thrown, with exceptions. Final Characteristics: Your strength was 12 (limit:18/50). Your dexterity was 11 (limit:18). Your constitution was 15 (limit:18). Your intelligence was 10 (limit:19). Your wisdom was 14 (limit:18). Your charisma was 16 (limit:18). Final Status: You were not hungry. You were burdened; movement was slightly slowed. You were empty handed. You were unskilled in bare handed combat. Final Attributes: You were piously aligned. You were poison resistant. You had infravision. You were warded. You are dead. Miscellaneous: You never encountered a bones level. Total elapsed playing time was 1 hour, 10 minutes and 37 seconds. Major events: Turn 1: spontiff the neutral male gnomish Healer entered the dungeon 2236: entered the Gnomish Mines 4973: reached Mine Town 6164: killed by a water moccasin Vanquished creatures: a watch captain 2 small mimics 3 watchmen 3 leprechauns a water nymph a fog cloud 3 shriekers 3 gnome leaders 2 gnomish wizards an elf zombie a straw golem 2 giant ants a little dog 7 dwarves 3 homunculi a kobold leader a kobold shaman 2 hill orcs 3 rothes a rabid rat 4 giant bats 5 monkeys an orc zombie 5 dwarf zombies 2 wererats 5 iguanas 2 acid blobs 3 gas spores 8 hobbits 2 large kobolds 2 hobgoblins 3 giant rats a brown mold 5 yellow molds a green mold 9 gnomes 3 garter snakes 3 gnome zombies 9 geckos 6 jackals 2 foxes 2 kobolds 9 goblins 3 sewer rats 17 grid bugs 2 bats 12 lichens 3 kobold zombies 14 newts 185 creatures vanquished. No species were genocided or became extinct. Voluntary challenges: You never hit with a wielded weapon. You were a pacifist. You were illiterate. You never engraved Elbereth. You never genocided any monsters. You never polymorphed an object. You never changed form. You used no wishes. Achievements: You entered a shop. You entered the Gnomish Mines. You entered Minetown. You entered a temple. The Dungeons of Doom: levels 1 to 6 Level 1: A fountain, a sink. Level 2: A fountain. Level 3: A scroll shop. Level 4: Some altars. Stairs down to The Gnomish Mines. Level 5: Level 6: The Gnomish Mines: levels 5 to 9 Level 5: "magic trap" Level 6: "magic trap" Level 7: Level 8: <- You were here. A lighting shop, a temple, some fountains, a sink. Final resting place for you, killed by a water moccasin. Level 9: Game over: ---------- / \ / REST \ / IN \ / PEACE \ / \ | spontiff | | 231 Au | | killed by a | | water moccasin | | | | | | 2023 | *| * * * | * _________)/\\_//(\/(/\)/\//\/|_)_______ Goodbye spontiff the Healer... You died in The Gnomish Mines on dungeon level 8 with 400 points, and 231 pieces of gold, after 6164 moves. You were level 1 with a maximum of 25 hit points when you died.